 Dungeon Crawl Stone Soup version 0.27.1 (webtiles) character file.

Game seed: 11576080188317397336

20 Malachi the Twirler (level 2, -3/22 HPs)
             Began as a Demonspawn Gladiator on Aug 24, 2021.
             Was an Initiate of Ashenzari.
             Killed from afar by Sigmund (7 damage)
             ... with a magic dart
             ... on level 2 of the Dungeon.
             The game lasted 00:01:17 (1105 turns).

Malachi the Twirler (Demonspawn Gladiator)          Turns: 1105, Time: 00:01:18

Health: -3/22      AC:  5    Str: 14    XL:     2   Next: 58%
Magic:  2/2        EV: 12    Int:  9    God:    Ashenzari [......]
Gold:   37         SH:  0    Dex: 14    Spells: 1/1 levels left

rFire    . . .     SeeInvis .   a - +0 quarterstaff
rCold    . . .     Faith    .   (shield currently unavailable)
rNeg     . . .     Spirit   .   b - +0 leather armour
rPois    .         Reflect  .   c - +0 helmet of Ashenzari's Gnosis {Elem, Range} (curse)
rElec    .         Harm     .   (no cloak)
rCorr    .         Rampage  .   (no gloves)
Will     .....                  (no boots)
Stlth    +.........             (no amulet)
HPRegen  0.07/turn              (no ring)
MPRegen  0.08/turn              (no ring)

@: hasted, very quick
A: rugged brown scales 1
a: Renounce Religion, Curse Item, Shatter the Chains


You were on level 2 of the Dungeon.
You worshipped Ashenzari.
Ashenzari was noncommittal.
You visited 1 branch of the dungeon, and saw 2 of its levels.

You collected 37 gold pieces.

Inventory:

Hand Weapons
 a - a +0 quarterstaff (weapon)
Missiles
 d - 3 throwing nets (quivered)
Armour
 b - a +0 leather armour (worn)
 c - the cursed +0 helmet of Ashenzari's Gnosis (worn) {Elem, Range}

   It has a curse which improves the following skills: Elements: Fire Magic, Ice
   Magic, Air Magic and Earth Magic.
   Ranged Combat: Slings, Bows, Crossbows and Throwing.
Scrolls
 e - a scroll of immolation
 i - a scroll of teleportation
Potions
 f - a potion of mutation
 g - a potion of brilliance
 h - 2 potions of haste
 j - a potion of cancellation


   Skills:
 + Level 2.0 Fighting
 + Level 3.1 Staves
 + Level 1.8(2.2) Throwing
 + Level 0.1 Armour
 + Level 3.1 Dodging


You had one spell level left.
You didn't know any spells.
Your spell library was empty.

Dungeon Overview and Level Annotations

Branches:
Dungeon (2/15)

Altars:
Ashenzari

Annotations:
D:2 Sigmund


Innate Abilities, Weirdness & Mutations

You are partially covered in rugged brown scales. (AC +1, +3% HP)


Message History

Sigmund points at you and mumbles some strange words.
The magic dart hits you.
There are monsters nearby!
There is a stone staircase leading down here.
Sigmund barely misses you.
You closely miss Sigmund. Sigmund hits you with a +0 scythe.
You sock Sigmund!
Sigmund is moderately wounded.
You hit Sigmund.
Sigmund is moderately wounded.
Sigmund barely misses you.
You hit Sigmund.
Sigmund is heavily wounded.
The ball python bites you but does no damage.
The ball python closely misses you.
You hit Sigmund.
Sigmund is severely wounded.
The ball python closely misses you. The ball python grabs you.
The ball python constricts you.
Sigmund mumbles some strange words.
Sigmund flickers and vanishes!
Deactivating autopickup; reactivate with Ctrl-A.
You escape the ball python's grasp.
A ball python is nearby!
You miss something. Something hits you!
* * * LOW HITPOINT WARNING * * *
You closely miss something.
The ball python bites you but does no damage.
The ball python completely misses you.
You hear some strange, mumbled words.
Something tries to affect you, but you resist.
You closely miss something. The ball python bites you.
* * * LOW HITPOINT WARNING * * *
The ball python closely misses you.
Okay, then.
Unknown command.
Unknown command.
A magic dart appears from out of thin air!
The magic dart hits you!
You die...

....... #....
.....##....#
####.........##
.#..............
................
#.......#....#
......#.....#
##......†...#### ##
......##....@..#
..#.##..##..#{S##.#..
#... ##.........#....
# ...######.#.....#
...
..#....####.#>.##.#
... ....##.##......#
..# .. #..#.........#
#... #
#.............##...
###................


You could see a ball python.

Vanquished Creatures
  An adder (D:2)
  4 ball pythons
  2 endoplasms (D:2)
  A giant cockroach (D:1)
  A quokka (D:2)
9 creatures vanquished.

Notes
Turn   | Place    | Note
-------+----------+-------------------------------------------
     0 | D:1      | Malachi the Demonspawn Gladiator began the quest for the
                  | Orb.
     0 | D:1      | Reached XP level 1. HP: 16/16 MP: 1/1
   135 | D:1      | Found a faded altar of an unknown god.
   175 | D:1      | Became a worshipper of Ashenzari the Shackled
   619 | D:2      | Gained mutation: You are partially covered in rugged brown
                  | scales. (AC +1, +3% HP) [demonic ancestry]
   619 | D:2      | Reached XP level 2. HP: 5/22 MP: 2/2
  1080 | D:2      | Noticed Sigmund
  1105 | D:2      | Killed from afar by Sigmund

Illustrated notes

Levels and vault maps discovered:
D:1:      dpeg_arrival_radiant, layout_basic,
          chequers_ecumenical_altar_simple_redux
D:2:      layout_rooms, chequers_serial_rivers_micro_c, uniq_sigmund

Skill      XL: |  1  2 |
---------------+-------+-----
Dodging        | 3 |  3.1
Staves         | 3 |  3.1
Fighting       | |  2.0
Throwing       | |  1.8
Armour         | |  0.1

Action                   || total
-------------------------++-------
Melee: Quarterstaff      ||    32
Invok: Curse Item        ||     1
  Use: Potion            ||     1
Armor: Leather armour    ||     9
Dodge: Dodged            ||    25
